[Event "POR-ch Women Absolute 2019"]
[Site "Portimao"]
[Date "2019.09.08"]
[Round "1.1"]
[White "Leite, Marta Sofia Carvalho"]
[Black "Pipiras, Filipa Fortuna"]
[Result "0-1"]
[ECO "B26"]
[WhiteElo "1722"]
[BlackElo "1965"]
[Annotator "NA"]
[PlyCount "110"]
[EventDate "2019.09.08"]
[EventType "swiss"]
[EventCountry "POR"]
[SourceTitle "playchess.com"]
[Source "ChessBase"]
[SourceQuality "1"]
[TimeControl "5400+30"]

1. e4 c5 2. Nc3 Nc6 3. d3 g6 4. g3 Bg7 5. Bg2 d6 6. Nge2 e5 7. O-O Nge7 8. Be3 O-O 9. Qd2 Rb8 10. f4 Nd4 11. fxe5 dxe5 12. Nd5 Nxd5 13. exd5 b6 14. c4 Nf5 15. Bf2 Bh6 16. Qc3 Ne3 17. Bxe3 Bxe3+ 18. Kh1 Qd6 19. Qe1 Bh6 20. Nc3 Bg7 21. Ne4 Qd8 22. Qf2 f5 23. Nc3 a6 24. Rac1 Qd6 25. b3 Bd7 26. a4 Rbe8 27. Qd2 h5 28. Rce1 Kh7 29. Nb1 Bf6 30. Qf2 h4 31. Nd2 hxg3 32. Qxg3 Qe7 33. Re2 Bh4 34. Qh3 Kg7 35. Bf3 Bf6 36. Qg3 Rh8 37. Rg1 g5 38. Bg2 Kf7 39. Nf3 g4 40. Nd2 f4 41. Qe1 Rxh2+ 42. Kxh2 Rh8+ 43. Bh3 Rxh3+ 44. Kg2 f3+ 45. Kf1 fxe2+ 46. Qxe2 Bf5 47. Ne4 Rf3+ 48. Ke1 Bg7 49. Rh1 Bxe4 50. Qxe4 Qg5 51. Kd1 Qf5 52. Ke2 Qxe4+ 53. dxe4 Rf6 54. Rg1 Rf4 55. Rg3 Rxe4+ 0-1

[Event "POR-ch Women Absolute 2019"]
[Site "Portimao"]
[Date "2019.09.08"]
[Round "1.2"]
[White "Jorge, Rita Maria Osorio"]
[Black "Soares, Sara Joana De Moura "]
[Result "1/2-1/2"]
[ECO "C84"]
[WhiteElo "1957"]
[BlackElo "1533"]
[Annotator "NA"]
[PlyCount "152"]
[EventDate "2019.09.08"]
[EventType "swiss"]
[EventCountry "POR"]
[SourceTitle "playchess.com"]
[Source "ChessBase"]
[SourceQuality "1"]
[TimeControl "5400+30"]

1. e4 e5 2. Nf3 Nc6 3. Bb5 a6 4. Ba4 Nf6 5. O-O Be7 6. d3 b5 7. Bb3 O-O 8. a4 Bb7 9. Nc3 b4 10. Nd5 Re8 11. a5 h6 12. h3 Bf8 13. Be3 Nxd5 14. Bxd5 Qf6 15. Nh2 Nd8 16. Bb3 c6 17. Ng4 Qg6 18. Qf3 h5 19. Nh2 Ne6 20. c3 Be7 21. Bd1 h4 22. Ng4 Ng5 23. Bxg5 Qxg5 24. Bb3 Rf8 25. d4 exd4 26. cxd4 d5 27. exd5 cxd5 28. Rfe1 Bd6 29. Ne3 Rad8 30. Nf5 Qg6 31. Nxh4 Qg5 32. Nf5 Qf6 33. Qg4 Bc8 34. Bc2 g6 35. Qh4 Qxh4 36. Nxh4 Rfe8 37. Nf3 Rxe1+ 38. Rxe1 Bc7 39. Ne5 Bb7 40. Nd3 Bxa5 41. Re7 Bc8 42. Ne5 Rf8 43. Bb3 Bd8 44. Rxf7 Rxf7 45. Bxd5 Bb6 46. Nxf7 Kg7 47. Nd6 Bd7 48. b3 Bxd4 49. Nc4 Bb5 50. Nd6 Bd7 51. g4 a5 52. Ne4 a4 53. bxa4 Bxa4 54. Nd2 Bc3 55. Ne4 Bd4 56. Ba2 Bc2 57. Nd2 Bc3 58. Nb3 Be5 59. Nc5 Bd6 60. Ne6+ Kh6 61. Nd4 Bd1 62. Kg2 Be5 63. Nb3 Kg5 64. Nc5 Kh6 65. Bc4 Bd4 66. Nb3 Bxb3 67. Bxb3 g5 68. h4 Be5 69. Kh3 Bf4 70. Bd5 Bd6 71. h5 Be5 72. Kg2 Bf4 73. Kf3 Bb8 74. Ke4 Bf4 75. Kd4 Bh2 76. Kc4 Bd6 1/2-1/2

[Event "POR-ch Women Absolute 2019"]
[Site "Portimao"]
[Date "2019.09.08"]
[Round "1.3"]
[White "Duque, Raquel Dos Santos"]
[Black "Silva, Mariana Sofia T."]
[Result "0-1"]
[ECO "A22"]
[WhiteElo "1415"]
[BlackElo "1882"]
[Annotator "NA"]
[PlyCount "72"]
[EventDate "2019.09.08"]
[EventType "swiss"]
[EventCountry "POR"]
[SourceTitle "playchess.com"]
[Source "ChessBase"]
[SourceQuality "1"]
[TimeControl "5400+30"]

1. c4 e5 2. Nc3 Nf6 3. g3 Bb4 4. Bg2 O-O 5. a3 Bxc3 6. bxc3 c6 7. Nf3 Re8 8. O-O d5 9. cxd5 cxd5 10. Rb1 Nc6 11. d3 h6 12. Nd2 e4 13. Qc2 Qe7 14. Nb3 Bf5 15. d4 Bg6 16. e3 Rec8 17. Qd2 Nd7 18. a4 Nb6 19. Qa2 Nc4 20. Nd2 N6a5 21. Nxc4 Nxc4 22. Rb5 Qd7 23. Ba3 b6 24. Rfb1 Rc7 25. Bc1 Rac8 26. Bf1 Bf5 27. Bd2 Nxd2 28. Qxd2 Rxc3 29. Qa2 Be6 30. a5 Rc1 31. axb6 axb6 32. Rxb6 Bh3 33. Qb2 Qc7 34. Rb7 Qc4 35. Rxc1 Qxc1 36. Qb1 Bxf1 0-1

[Event "POR-ch Women Absolute 2019"]
[Site "Portimao"]
[Date "2019.09.08"]
[Round "1.4"]
[White "Silva, Ana Ines Teixeira Da"]
[Black "Cymbron, Victoria"]
[Result "1-0"]
[ECO "C45"]
[WhiteElo "1738"]
[BlackElo "1069"]
[Annotator "NA"]
[PlyCount "89"]
[EventDate "2019.09.08"]
[EventType "swiss"]
[EventCountry "POR"]
[SourceTitle "playchess.com"]
[Source "ChessBase"]
[SourceQuality "1"]
[TimeControl "5400+30"]

1. e4 e5 2. Nf3 Nc6 3. d4 exd4 4. Nxd4 Bc5 5. Be3 Bxd4 6. Bxd4 Nf6 7. Nc3 Qe7 8. Bxf6 Qxf6 9. Be2 O-O 10. O-O a6 11. Qd2 d6 12. Nd5 Qg6 13. Kh1 Qxe4 14. Nxc7 Rb8 15. Bf3 Qe5 16. c3 Bf5 17. Rfe1 Qf6 18. Bxc6 bxc6 19. Nxa6 Ra8 20. Nb4 d5 21. a4 Rfd8 22. Qe3 h6 23. Qc5 Qd6 24. Re8+ Kh7 25. Qxd6 Rxd6 26. Rxa8 c5 27. Ra6 Rd7 28. Nc6 d4 29. cxd4 cxd4 30. Rd1 Rd6 31. Rxd4 Re6 32. h3 Re2 33. Rf4 Be6 34. b4 Rb2 35. b5 Bb3 36. b6 Bd5 37. Nb4 Rd2 38. Nxd5 Rxd5 39. b7 Rd8 40. Ra8 Rxa8 41. bxa8=Q f6 42. Qe4+ Kg8 43. Qg6 Kh8 44. Re4 f5 45. Re8# 1-0